 Dungeon Crawl Stone Soup version 0.32-a0-931-g5a2cda0630 (webtiles) character file.

Game seed: 16248612379752883476

1548 Crownous the Chopper (level 8, -2/71 HPs)
             Began as a Mountain Dwarf Fighter on Apr 14, 2024.
             Was an Initiate of Gozag.
             Killed from afar by an orc wizard (7 damage)
             ... with a magic dart
             ... on level 6 of the Dungeon.
             The game lasted 01:06:20 (6454 turns).

Crownous the Chopper (Mountain Dwarf Fighter)       Turns: 6454, Time: 01:06:20

Health: -2/71      AC: 15    Str: 20    XL:     8   Next: 57%
Magic:  8/8        EV: 10    Int: 10    God:    Gozag
Gold:   411        SH:  5    Dex:  9    Spells: 7/7 levels left

rFire   . . .        a - +1 war axe
rCold   . . .        c - +0 buckler
rNeg    . . .        G - +0 plate armour
rPois   .            m - +0 helmet
rElec   .            t - +0 cloak
rCorr   .            (no gloves)
SInv    .            (no boots)
Will    .....        (no amulet) Stlth
                     k - +5 ring of evasion
HPRegen 0.31/turn    (no ring)
MPRegen 0.11/turn

%: no passive effects
@: no status effects
A: runic magic, artefact enchanting
a: Renounce Religion, Potion Petition, Call Merchant, Bribe Branch


You were on level 6 of the Dungeon.
You worshipped Gozag.
Gozag was aware of your devotion.
You visited 1 branch of the dungeon, and saw 6 of its levels.

You collected 470 gold pieces.
You paid 59 gold pieces to Gozag.

Inventory:

Hand Weapons
 a - a +1 war axe (weapon)
 n - a +0 sling
 o - a +1 hand axe of venom
 B - a +1 flail of protection
 F - a +0 shortbow
Missiles
 h - 46 stones (quivered)
 x - 3 silver javelins
Armour
 b - a +0 scale mail
 c - a +0 buckler (worn)
 m - a +0 helmet (worn)
 p - a +0 chain mail
 t - a +0 cloak (worn)
 G - a +0 plate armour (worn)
Jewellery
 k - a +5 ring of evasion (left hand)
 u - a ring of fire
 w - an amulet of the acrobat
Wands
 l - a wand of charming (13)
 v - a wand of flame (9)
 y - a wand of mindburst (9)
Scrolls
 f - 2 scrolls of identify
 g - a scroll of blinking
 q - 3 scrolls of enchant weapon
 z - a scroll of fog {unknown}
 A - a scroll of noise {unknown}
 C - 2 scrolls of fear {unknown}
 D - a scroll of vulnerability {unknown}
 E - a scroll of immolation {unknown}
Potions
 d - 3 potions of might
 e - a potion of brilliance
 i - 3 potions of curing
 j - 2 potions of attraction {unknown}
 r - a potion of mutation {unknown}
 s - a potion of heal wounds {unknown}


   Skills:
 + Level 6.6 Fighting
 + Level 6.9 Axes
 + Level 6.9 Armour
 + Level 6.6 Shields


You had 7 spell levels left.
You didn't know any spells.
Your spell library contained the following spells:

 Spells                   Type           Power      Damage    Failure   Level
 Apportation              Tloc           0%         N/A       69%         1
 Necrotise                Necr           0%         1d4       69%         1
 Sting                    Conj/Alch      0%         1d3       69%         1
 Summon Small Mammal      Summ           0%         N/A       69%         1
 Tukima's Dance           Hex            0%         N/A       96%         3
 Dimensional Bullseye     Hex/Tloc       0%         N/A       100%        4
 Iskenderun's Mystic Bla Conj/Tloc 0%             2d3        (+2d1     100%        4
 Alistair's Intoxication  Alch           0%         N/A       100%        5
 Borgnjor's Vile Clutch   Necr/Erth      0%         N/A       100%        5
 Eringya's Noxious Bog    Alch           0%         4d6       100%        6


Dungeon Overview and Level Annotations

Branches:
Dungeon (6/15)
 Temple: D:4-7

Altars:
Gozag
Hepliaklqana
Ru
Sif Muna
Vehumet
Xom


Innate Abilities, Weirdness & Mutations

Your spellcasting is much less encumbered by armour.
You can use scrolls of enchantment on lesser artefacts.


Message History

You catch the helpless orc warrior completely off-guard!
You slash the orc warrior!
You kill the orc warrior!
An orc comes into view. It is wielding a +0 club.
The orc wizard is distracted by your dazzling golden aura.
The orc wizard points at you and mumbles some strange words.
You are confused.
The orc wizard shouts!
You bump into the rock wall.
The orc wizard hits you but does no damage.
You miss the orc wizard.
The orc wizard is no longer distracted by gold.
The orc wizard is distracted by your dazzling golden aura.
The orc wizard barely misses you.
You bump into the rock wall.
The orc wizard hits you with a +0 dagger.
* * * LOW HITPOINT WARNING * * *
The orc wizard is distracted by your dazzling golden aura.
The orc is distracted by your dazzling golden aura.
Things that are here:
4 gold pieces; a +0 whip You feel less confused.
The orc wizard is no longer distracted by gold.
The orc is no longer distracted by gold.
The orc wizard gestures wildly while chanting.
The orc wizard flickers and vanishes!
Deactivating autopickup; reactivate with Ctrl-A.
The orc wizard shouts!
You hit the orc wizard.
The orc wizard is no longer distracted by gold.
The orc wizard is moderately wounded.
The orc wizard casts a spell.
The orc wizard flickers and vanishes!
You miss something. Something hits you but does no damage.
You closely miss something.
You hear some strange, mumbled words.
A magic dart appears from out of thin air!
The magic dart hits you!
You die...
Your body crumbles into a pile of gold.

.......
...##..........
..#....
oo..........###
#......
##.###..##.....
#...... #
#...........
#...........
###.#...........
#.....o{o..#.###
###.###{####.#
#.###@# # .
#..$# ....'.#.#
....#.#.. ## ###
. .... .# ..
#.... .# ##
...... .#
....... .#
..######


You could see 2 orcs.

Vanquished Creatures
  Grinder (D:4)
  Eustachio (D:4)
  Edmund (D:4)
  A sky beast (D:6)
  An orc warrior (D:6)
  A centaur (D:4)
  A scorpion (D:4)
  2 howler monkeys (D:5)
  A jelly (D:5)
  A bombardier beetle (D:5)
  6 hounds
  An orc priest (D:5)
  7 iguanas
  An orc wizard (D:3)
  Terence (D:2)
  Robin (D:3)
  6 adders
  A white imp (D:6)
  4 ufetubi (D:6)
  2 dart slugs
  2 ribbon worms (D:2)
  19 orcs
  5 endoplasms
  4 giant cockroaches
  9 hobgoblins
  6 kobolds
  6 ball pythons
  4 bats
  3 frilled lizards
  17 goblins
  6 rats
  A spectral hobgoblin (D:5)
123 creatures vanquished.

Notes
Turn   | Place    | Note
-------+----------+-------------------------------------------
     0 | D:1      | Crownous the Mountain Dwarf Fighter began the quest for the
                  | Orb.
     0 | D:1      | Reached XP level 1. HP: 19/19 MP: 1/1
   106 | D:1      | Found a faded altar of an unknown god.
   106 | D:1      | Noticed an ice devil
   291 | D:1      | Reached XP level 2. HP: 26/26 MP: 2/2
   785 | D:2      | Noticed Terence
   795 | D:2      | Killed Terence
   796 | D:2      | Reached XP level 3. HP: 23/33 MP: 3/3
  1092 | D:2      | Found a radiant altar of Vehumet.
  1307 | D:2      | Reached XP level 4. HP: 40/40 MP: 4/4
  1730 | D:3      | Noticed Robin
  1742 | D:3      | Killed Robin
  1853 | D:3      | Reached XP level 5. HP: 23/46 MP: 5/5
  2143 | D:3      | Identified the staff "Boajoch" {rElec rPois Int+4 Air}
  2659 | D:3      | You fall into a shaft and drop 2 floors!
  2659 | D:5      | Entered Level 5 of the Dungeon
  2693 | D:4      | Noticed Eustachio
  2718 | D:4      | Killed Eustachio
  2719 | D:4      | Reached skill level 5 in Armour
  2719 | D:4      | Reached XP level 6. HP: 45/53 MP: 6/6
  3310 | D:4      | Noticed Edmund
  3331 | D:4      | Killed Edmund
  3343 | D:4      | Reached skill level 5 in Axes
  3343 | D:4      | Reached skill level 5 in Shields
  3357 | D:4      | Reached skill level 5 in Fighting
  3483 | D:4      | Reached XP level 7. HP: 53/61 MP: 7/7
  3598 | D:4      | Found a shimmering blue altar of Sif Muna.
  3598 | D:4      | Found a radiant altar of Vehumet.
  3598 | D:4      | Found an opulent altar of Gozag.
  3610 | D:4      | Became a worshipper of Gozag Ym Sagoz the Greedy
  3924 | D:4      | Noticed Grinder
  3931 | D:4      | Paralysed by Grinder for 2 turns
  3947 | D:4      | Paralysed by Grinder for 4 turns
  3965 | D:4      | Killed Grinder
  4477 | D:4      | Found a sacrificial altar of Ru.
  4504 | D:4      | Found a shimmering altar of Xom.
  4854 | D:5      | Reached XP level 8. HP: 70/70 MP: 8/8
  5874 | D:5      | Found a hazy altar of Hepliaklqana.
  6449 | D:6      | HP: 3/71 [orc wizard/+0 dagger (4)]
  6454 | D:6      | Killed from afar by an orc wizard

Illustrated notes

Levels and vault maps discovered:
D:1:      matt_arrival_grand_opening, layout_basic,
          dreamdust_ecumenical_altar_sealed_demon
D:2:      layout_loops_cross, basic_altar, uniq_terence
D:3:      layout_basic, nicolae_elevator_lobby_plus, uniq_robin
D:4:      layout_loops_ring, jmf_multi_god_temple2,
          gammafunk_temple_overflow_claw, uniq_eustachio, uniq_edmund,
          uniq_grinder
D:5:      layout_cave_pods, nicolae_hepliaklqana_monster_ancestors
D:6:      layout_basic, grunt_decor_one_mirror,
          eino_small_chamber_without_monster, minivault_26, uniq_sigmund

Skill      XL: |  1  2  3  4  5  6  7  8 |
---------------+-------------------------+-----
Axes           | 3 4 5 6 |  6.9
Armour         | 4 5 6 |  6.9
Shields        | 4 5 6 |  6.6
Fighting       | 4 5 6 |  6.6

Action                     |  1- 3 |  4- 6 |  7- 9 || total
---------------------------+-------+-------+-------++-------
  Melee: War axe           |    84 |   179 |   196 ||   459
    Use: Scroll            |     2 |       |     3 ||     5
   Stab: Distracted        |       |       |     1 ||     1
 Armour: Scale mail        |    67 |    94 |    68 ||   229
         Plate armour      |       |       |   117 ||   117
  Dodge: Dodged            |    41 |   127 |   162 ||   330
  Block: Buckler           |    15 |    28 |    62 ||   105

Table legend: (Time is in decaauts)
 A = Elapsed time spent in this place.
 B = Non-inter-level travel time spent in this place.
 C = Inter-level travel time spent in this place.
 D = Time resting spent in this place.
 E = Time spent auto-exploring this place.
 F = Levels seen in this place.
 G = Mean time per level.
                   A        B        C        D        E       F      G
               +--------+--------+--------+--------+--------+-----+--------+
         Total |   6588 |   6572 |     16 |   1396 |   1665 |   6 | 1098.0 |
       Dungeon |   6588 |   6572 |     16 |   1396 |   1665 |   6 | 1098.0 |
               +--------+--------+--------+--------+--------+-----+--------+

Top non-repeatable levels by time:
     D:3: 1549 daAuts
     D:5: 1484 daAuts
     D:4: 1439 daAuts
     D:2: 889 daAuts
     D:1: 799 daAuts
     D:6: 426 daAuts
